 Dungeon Crawl Stone Soup version 0.22.1-2-g9c5b331 (webtiles) character file.

56 emiel the Digger (level 3, -3/26 HPs)
             Began as a Centaur Earth Elementalist on Nov 14, 2018.
             Slain by Terence
             ... wielding a +0 morningstar
              (11 damage)
             ... on level 2 of the Dungeon.
             The game lasted 00:05:21 (1076 turns).

emiel the Digger (Centaur Earth Elementalist)       Turns: 1076, Time: 00:05:21

Health: -3/26      AC:  4    Str: 11    XL:     3   Next: 69%
Magic:  0/6        EV:  9    Int: 14    God:
Gold:   83         SH:  0    Dex:  9    Spells: 2/6 levels left

rFire    . . .     SeeInvis .   i - +2 mace (crush)
rCold    . . .     Gourm    .   (no shield)
rNeg     . . .     Faith    .   c - +0 robe
rPois    .         Spirit   .   (no helmet)
rElec    .         Reflect  .   (no cloak)
rCorr    .         Harm     .   (no gloves)
MR       .....                  (no barding)
Stlth    +.........             (no amulet)
HPRegen  0.08/turn              (no ring)
MPRegen  0.10/turn              (no ring)

@: very slightly contaminated, very quick
A: large, hooves 3, deformed body, speed 2, tough skin 3
a: no special abilities


You were on level 2 of the Dungeon.
You were not hungry.

You visited 1 branch of the dungeon, and saw 2 of its levels.

You collected 83 gold pieces.

Inventory:

Hand Weapons
 a - a +0 dagger
 i - a +2 mace of crushing (weapon)
Missiles
 b - 123 stones (quivered)
 m - 6 tomahawks of returning
Armour
 c - a +0 robe (worn)
 l - a +0 cloak
Scrolls
 f - 2 scrolls of enchant weapon {unknown}
 g - 2 scrolls of identify {unknown}
 j - a scroll of blinking {unknown}
 k - a scroll of immolation {unknown}
Potions
 e - a potion of heal wounds {unknown}
 h - a potion of curing {unknown}
 o - a potion of agility {unknown}
Comestibles
 d - 5 rations
 n - a chunk of flesh


   Skills:
 - Level 1.3 Dodging
 - Level 1.1 Stealth
 - Level 2.3 Spellcasting
 + Level 0.7 Conjurations
   Level 0.8 Transmutations
 + Level 3.5 Earth Magic


You had 2 spell levels left.
You knew the following spells:

 Your Spells              Type           Power        Failure   Level  Hunger
a - Sandblast             Erth           ##....       5%          1    #......
b - Stone Arrow           Conj/Erth      #.....       28%         3    ###....

Your spell library contained the following spells:

 Spells                   Type           Power        Failure   Level  Hunger
 Passwall                 Tmut/Erth      #.......     14%         2    ###....
 Petrify                  Tmut/Erth      #.......     67%         4    #####..
 Lee's Rapid Deconstruct  Erth           ##........   83%         5    ######.


Dungeon Overview and Level Annotations

Branches:
Dungeon (2/15)

Altars:

Annotations:
D:2 Terence


Innate Abilities, Weirdness & Mutations

You have hooves in place of feet.
Armour fits poorly on your strangely shaped body.
You cover ground very quickly.
You have extremely tough skin. (AC +3)


Message History

Nothing appears to happen.
You swing at nothing.
You hit Terence.
Terence is severely wounded.
Terence barely misses you. Terence closely misses you.
Casting: Sandblast (safe; 5% risk of failure)
Confirm with . or Enter, or press ? or * to list all spells.
Aiming: Sandblast (safe; 5% risk of failure)
Press: ? - help, Shift-Dir - straight line, f/p - Terence
Aim: Terence, wielding a morningstar and wearing a ring mail (severely wounded)
The blast of sand hits Terence.
Terence is almost dead.
b - 123 stones You hit Terence but do no damage.
Terence is almost dead.
Terence closely misses you.
You hit Terence but do no damage. You kick Terence, but do no damage.
Terence is almost dead.
Terence hits you with a morningstar!
You die...

.......# .>.....# .......#
.......# .......#
.......##########
.....#..........#
###############.####
#.@@.### ########...####
##..# ###>...####
###...##########....# ######
#..†................#
)..........#..#########....#
####..#####..# ###### #..#
##..# ...# #.#


You could see Terence.

Vanquished Creatures
  An adder (D:2)
  A worm (D:2)
  2 dart slugs (D:1)
  4 giant cockroaches
  6 goblins
  5 hobgoblins
  4 jackals (D:1)
  5 bats
  2 frilled lizards (D:1)
  5 kobolds
  A rat (D:2)
36 creatures vanquished.

Notes
Turn   | Place    | Note
-------+----------+-------------------------------------------
     0 | D:1      | emiel the Centaur Earth Elementalist began the quest for
                  | the Orb.
     0 | D:1      | Reached XP level 1. HP: 14/14 MP: 3/3
   282 | D:1      | Reached skill level 3 in Earth Magic
   282 | D:1      | Reached XP level 2. HP: 20/20 MP: 4/4
   720 | D:1      | Reached XP level 3. HP: 25/26 MP: 4/6
   848 | D:2      | Noticed Terence
   856 | D:2      | Learned a level 3 spell: Stone Arrow
  1076 | D:2      | Slain by Terence

Skill      XL: |  1  2 |
---------------+-------+-----
Earth Magic    | 3 |  3.5
Spellcasting   | 2 |  2.3
Dodging        | |  1.3
Stealth        | |  1.1
Conjurations   | |  0.7
Transmutations | |  0.8

Action                   || total
-------------------------++-------
Melee: Dagger            ||    50
       Kick              ||     8
       Mace              ||    23
 Cast: Sandblast         ||    46
  Eat: Chunk             ||     2
Armor: Robe              ||    37
Dodge: Dodged            ||    44
